Map: 机械城 - 天梯版

Players

SpeCial - Winner!

  • Race: Terran Terran

Crimson

  • Race: Zerg Zerg
  • League: Master

Event: WESG 2018 Grand Finals

VOD

Have the link to the VOD?

Description

Time

  • Played on: March 11, 2019, 7:06 a.m.
  • Length: 11:37

All games in this series

Show
View Real Time Build Order
Export as new Build Order

SpeCial Terran - Winner!

Build Orders: Liberator Opening, Reaper Expand 

Get SALT Encoding   

  12  0:00  SCV  
  13  0:12  SCV  
  14  0:17  Supply Depot  
  14  0:25  SCV  
  15  0:39  SCV  
  15  0:41  Barracks  
  16  0:44  Refinery  
  16  0:51  SCV  
  17  1:03  SCV  
  18  1:15  SCV  
  19  1:28  Reaper, Orbital Command  
  20  1:40  Command Center  
  20  1:52  Supply Depot  
  20  1:54  SCV  
  20  2:00  Marine  
  22  2:05  Factory  
  22  2:09  SCV  
  22  2:14  Refinery  
  23  2:21  SCV  
  24  2:24  Barracks Reactor  
  24  2:33  SCV  
  25  2:45  SCV  
  26  2:51  Starport  
  26  2:58  SCV  
  27  3:02  Orbital Command  
  27  3:07  Hellion  
  27  3:08  Hellion  
  27  3:09  Marine  
  27  3:10  SCV  
  33  3:16  Liberator  
  33  3:21  Supply Depot  
  33  3:26  SCV  
  34  3:27  Barracks Tech Lab  
  34  3:29  Hellion x2, SCV  
  42  3:43  SCV x2  
  42  3:46  Supply Depot  
  44  3:53  Hellion  
  44  3:54  Hellion  
  44  3:55  SCV x2  
  50  3:59  Stimpack  
  50  4:08  Supply Depot, SCV x2  
  52  4:21  Supply Depot, Command Center  
  52  4:24  SCV x2  
  52  4:27  Marine  
  55  4:36  SCV  
  55  4:38  Factory Tech Lab  
  56  4:40  Starport Reactor  
  56  4:42  Barracks  
  56  4:44  Barracks  
  56  4:45  Marine, SCV  
  58  4:50  SCV  
  59  4:57  SCV  
  50  5:02  Marine, SCV  
  50  5:05  Engineering Bay  
  50  5:06  Engineering Bay  
  46  5:08  Siege Tank  
  46  5:09  SCV  
  50  5:20  Marine  
  50  5:21  Refinery  
  51  5:22  Refinery, SCV x2  
  51  5:23  Starport Reactor  
  53  5:31  Marine x2  
  53  5:34  Orbital Command, SCV x2  
  57  5:37  Terran Infantry Weapons Level 1, Terran Infantry Armor Level 1  
  57  5:38  Marine  
  57  5:39  Marine x2  
  60  5:45  Siege Tank  
  60  5:48  Marine  
  60  5:49  Marine  
  65  5:52  SCV x2  
  65  5:56  Orbital Command, Marine  
  68  5:57  Marine x2  
  68  6:02  Medivac x2  
  68  6:03  Supply Depot  
  74  6:06  Marine  
  74  6:07  Marine  
  74  6:08  SCV  
  74  6:09  SCV  
  78  6:14  Marine  
  78  6:15  Marine x2  
  78  6:18  Supply Depot  
  81  6:20  Combat Shield, SCV  
  81  6:24  Marine  
  81  6:25  Marine, SCV x2  
  88  6:27  Siege Tank  
  88  6:32  SCV  
  90  6:33  Marine x3  
  90  6:39  SCV x2  
  95  6:41  Barracks x2, Supply Depot  
  95  6:44  Marine, SCV  
  95  6:46  Marine  
  98  6:50  Medivac  
  98  6:51  Marine  
  101  6:55  Supply Depot  
  101  6:56  Supply Depot  
  101  6:59  Armory  
  101  7:03  Medivac, Marine x3  
  101  7:04  Marine  
  107  7:08  Marine  
  107  7:12  SCV  
  109  7:17  Widow Mine, SCV  
  109  7:19  SCV  
  109  7:21  Marine x4  
  117  7:26  Marine  
  117  7:27  SCV  
  117  7:29  SCV  
  120  7:31  Refinery, SCV  
  120  7:32  Barracks Reactor  
  120  7:33  Barracks Reactor, Supply Depot x2  
  121  7:38  Marine x3  
  121  7:39  Widow Mine  
  125  7:47  Marine x2  
  125  7:52  Medivac  
  125  7:55  SCV x2  
  125  7:56  Marine x3  
  125  7:57  SCV  
  121  8:05  Marine x2  
  120  8:07  SCV  
  120  8:14  Marine x3  
  120  8:17  SCV  
  120  8:18  Marine x2  
  120  8:19  Marine x2  
  124  8:23  Marine, Widow Mine  
  124  8:25  Drilling Claws  
  126  8:28  Missile Turret  
  126  8:31  Missile Turret  
  126  8:32  Terran Infantry Weapons Level 2, Missile Turret  
  126  8:35  Terran Infantry Armor Level 2  
  126  8:38  Marine x2  
  126  8:41  Marine  
  119  8:53  Marine x3  
  119  8:54  Marine x3  
  108  8:55  Marine  
  108  8:56  Marine  
  108  8:59  Marine, Thor  
  108  9:00  Factory  
  108  9:02  Medivac x2  
  121  9:08  Terran Vehicle And Ship Armor Level 1  
  121  9:11  Marine x5  
  121  9:12  Marine  
  127  9:18  SCV  
  127  9:22  Marine x2, Supply Depot, Command Center  
  127  9:23  Marine  
  129  9:28  Supply Depot  
  129  9:29  Marine x6  
  134  9:39  Marine  
  134  9:40  Marine  
  134  9:41  Marine, Supply Depot  
  136  9:47  Marine x3, Factory Reactor  
  136  9:48  Marauder  
  136  9:49  Barracks, SCV  
  136  9:50  Barracks  
  136  9:52  SCV x2  
  144  9:54  Marine  
  145  10:01  SCV  
  145  10:04  SCV x2  
  145  10:05  Marine  
  145  10:06  Marine x4  
  152  10:09  Medivac x2  
  155  10:15  Widow Mine  
  155  10:16  Command Center  
  155  10:17  Marine x2  
  161  10:21  Marauder  
  161  10:25  Marine  
  161  10:27  Marine  
  163  10:33  Marine x2  
  159  10:35  Widow Mine  
  159  10:37  Marine  
  159  10:39  Medivac x2  
  165  10:43  Marauder, Supply Depot  
  165  10:44  Barracks Tech Lab  
  165  10:49  Supply Depot  
  165  10:50  Supply Depot  
  165  10:54  Marine x2  
  156  10:59  Marine  
  156  11:00  SCV x3  
  156  11:04  Marauder x2  
  156  11:10  Barracks Reactor  
  149  11:12  SCV x2  
  149  11:14  Widow Mine x2  
Show
View Real Time Build Order
Export as new Build Order

Crimson Zerg 

Build Orders: Hatch First, Muta Ling Bane 

Get SALT Encoding   

  12  0:00  Drone  
  13  0:12  Overlord  
  13  0:17  Drone  
  14  0:31  Drone x2  
  16  0:49  Hatchery  
  15  0:52  Drone  
  15  0:56  Drone  
  17  1:00  Drone  
  18  1:10  Extractor  
  17  1:14  Spawning Pool  
  17  1:18  Drone  
  17  1:21  Drone  
  18  1:28  Drone  
  19  1:39  Drone  
  20  1:49  Drone  
  21  2:02  Zergling x4  
  21  2:03  Queen x2  
  27  2:18  Hatchery  
  27  2:20  Drone  
  27  2:25  Overlord  
  27  2:27  Drone  
  28  2:42  Queen  
  30  2:45  Metabolic Boost  
  30  2:49  Drone x2  
  32  3:02  Overlord  
  32  3:03  Drone x3  
  34  3:06  Drone  
  34  3:10  Drone  
  36  3:17  Overlord  
  36  3:20  Drone  
  36  3:21  Drone x2  
  36  3:24  Overlord  
  39  3:31  Drone  
  39  3:32  Queen  
  42  3:34  Zergling x2  
  42  3:35  Zergling x2  
  44  3:43  Zergling x2  
  44  3:44  Zergling x2  
  46  3:51  Zergling x2  
  46  3:52  Zergling x2  
  46  3:53  Queen  
  50  3:56  Drone x3  
  50  3:57  Drone x3  
  50  4:01  Baneling Nest  
  55  4:07  Drone x3  
  55  4:09  Drone  
  58  4:12  Queen  
  58  4:16  Drone x2  
  62  4:18  Drone  
  62  4:24  Drone x2  
  62  4:27  Lair  
  62  4:28  Extractor  
  62  4:30  Spore Crawler, Drone  
  63  4:35  Spore Crawler  
  62  4:39  Drone x2  
  62  4:41  Spore Crawler  
  62  4:44  Drone x3  
  57  5:00  Drone x2  
  57  5:03  Drone x8  
  65  5:08  Overlord  
  65  5:12  Drone  
  66  5:14  Overlord  
  66  5:19  Evolution Chamber  
  66  5:20  Overlord, Evolution Chamber  
  64  5:23  Zergling x6, Extractor  
  64  5:26  Extractor  
  65  5:29  Overlord  
  65  5:30  Zergling x6  
  65  5:34  Drone  
  69  5:39  Centrifical Hooks  
  69  5:41  Drone  
  69  5:42  Hydralisk Den  
  69  5:49  Extractor  
  68  5:51  Drone x3  
  68  5:53  Overseer  
  71  5:58  Zerg Melee Weapons Level 1  
  71  5:59  Drone x3  
  71  6:00  Drone x3  
  71  6:01  Drone  
  71  6:03  Drone  
  80  6:06  Drone  
  80  6:08  Drone  
  82  6:12  Overlord  
  82  6:14  Zerg Ground Armor Level 1  
  82  6:16  Hatchery  
  81  6:21  Drone  
  82  6:26  Spire  
  82  6:27  Drone x4  
  82  6:28  Zergling x4  
  82  6:30  Extractor  
  82  6:32  Zergling x6  
  89  6:35  Zergling x2  
  89  6:36  Zergling x4  
  91  6:40  Zergling x8  
  95  6:50  Overlord  
  95  6:51  Overlord  
  95  6:55  Baneling x6  
  95  6:56  Baneling  
  95  6:58  Zergling x6  
  98  7:03  Zergling x14  
  105  7:12  Overlord  
  105  7:20  Zergling x8  
  105  7:21  Baneling  
  101  7:22  Baneling  
  101  7:23  Baneling x2  
  101  7:24  Zergling x2  
  101  7:25  Zergling x2  
  101  7:27  Zergling x6  
  101  7:28  Zergling x8  
  110  7:43  Mutalisk x7  
  120  7:53  Mutalisk x3  
  120  7:58  Mutalisk  
  121  8:01  Zergling x6  
  121  8:05  Zergling x8  
  112  8:16  Zergling x16  
  112  8:18  Zergling x2  
  112  8:26  Zerg Ground Armor Level 2, Baneling x9  
  106  8:30  Zergling x4  
  106  8:31  Zergling x6  
  106  8:33  Baneling  
  106  8:34  Zergling x2  
  112  8:36  Baneling x4  
  112  8:39  Zergling x4  
  105  8:52  Zergling x2  
  105  8:53  Zergling x6  
  105  8:54  Baneling  
  105  8:55  Baneling x2  
  105  8:59  Zergling x6  
  105  9:00  Zergling x10, Hatchery  
  105  9:01  Mutalisk x3  
  118  9:05  Overlord  
  118  9:09  Overseer  
  118  9:10  Overseer  
  118  9:11  Overlord x2, Hatchery  
  118  9:14  Zergling x2  
  118  9:20  Mutalisk  
  120  9:29  Zergling x8  
  120  9:30  Zergling x2, Hatchery  
  124  9:32  Zergling x4  
  125  9:40  Zergling x8, Mutalisk  
  125  9:41  Mutalisk  
  133  9:46  Infestation Pit  
  133  9:48  Zergling x2  
  133  9:49  Zergling x4  
  131  9:53  Zergling x2  
  131  9:58  Zergling x2  
  132  10:03  Zergling x2  
  132  10:04  Zergling x2  
  128  10:09  Mutalisk  
  128  10:13  Zergling x6, Extractor  
  123  10:18  Zergling x2  
  123  10:19  Queen, Baneling x2  
  126  10:21  Drone  
  126  10:22  Drone x2  
  128  10:32  Zergling x4  
  128  10:33  Zergling x2  
  128  10:34  Baneling x2  
  128  10:35  Baneling  
  121  10:36  Extractor  
  121  10:37  Baneling x3  
  121  10:41  Zergling x4  
  122  10:43  Baneling x2  
  122  10:46  Zergling x8  
  116  11:00  Zergling x2  
  116  11:01  Zergling x14  
  116  11:03  Baneling x3  
  110  11:06  Baneling x3  
  110  11:07  Zergling x6  
  110  11:08  Zergling x2  
  98  11:11  Zergling x2  
Tags
 
Add a new tag
Caveats
  • Supply blocks, unpowered buildings, or Contaminate may cause inaccurate times.
  • Supply counts are checked every 10 seconds.